 Dungeon Crawl Stone Soup version 0.21.1-1-g345015fe64 (webtiles) character file.

877 GuyWithAPlan the Cruncher (level 7, -3/45 HPs)
             Began as a Demonspawn Gladiator on Feb 10, 2018.
             Was a Follower of Hepliaklqana.
             Slain by an orc warrior
             ... wielding a +0 short sword
              (11 damage)
             ... on level 5 of the Dungeon on Mar 4, 2018.
             The game lasted 00:21:34 (6670 turns).

GuyWithAPlan the Cruncher (Demonspawn Gladiator)    Turns: 6670, Time: 00:21:34

Health: -3/45      AC:  7    Str: 14    XL:     7   Next: 75%
Magic:  7/7        EV: 18    Int: 10    God:    Hepliaklqana [*.....]
Gold:   244        SH:  0    Dex: 16    Spells: 6/6 levels left

rFire    . . .     SeeInvis .   a - +0 quarterstaff
rCold    + . .     Gourm    .   (shield currently unavailable)
rNeg     . . .     Faith    .   k - +0 ring mail
rPois    .         Spirit   .   (helmet restricted)
rElec    .         Reflect  +   (no cloak)
rCorr    .         Harm     .   (no gloves)
MR       .....                  (no boots)
Stlth    ..........             p - +3 amulet of reflection
HPRegen  0.15/turn              n - +6 ring of evasion
MPRegen  0.10/turn              (no ring)

@: confused
A: reduced essence, antennae 1, thin metallic scales 1, cold resistance 1,
powered by death 1
a: Recall Ancestor, Ancestor Identity, Renounce Religion


You were on level 5 of the Dungeon.
You worshipped Hepliaklqana.
Hepliaklqana was aware of your devotion.
You were very hungry.

You visited 2 branches of the dungeon, and saw 7 of its levels.

You collected 244 gold pieces.

Inventory:

Hand Weapons
 a - a +0 quarterstaff (weapon)
 r - a +1 dagger of distortion
Missiles
 d - 3 throwing nets
 q - 108 stones (quivered)
Armour
 b - a +0 leather armour
 c - a +0 helmet
 k - a +0 ring mail (worn)
 o - a +0 chain mail
Jewellery
 n - a +6 ring of evasion (left hand)
 p - a +3 amulet of reflection (around neck)
 y - a cursed amulet of inaccuracy
Wands
 l - a wand of random effects (20)
Scrolls
 h - 3 scrolls of remove curse {unknown}
 i - 2 scrolls of teleportation {unknown}
 v - a scroll of amnesia {unknown}
 w - a scroll of fog {unknown}
Potions
 e - a potion of ambrosia
 g - a potion of berserk rage
 j - a potion of lignification {unknown}
 m - 5 potions of curing
 t - a potion of invisibility {unknown}
 x - a potion of haste {unknown}
Books
 u - a book of Maledictions

   Spells                             Type                      Level
   a - Corona                         Hexes                        1
   b - Ensorcelled Hibernation        Hexes/Ice                    2
   c - Confuse                        Hexes                        3
   d - Tukima's Dance                 Hexes                        3
   e - Dazzling Spray                 Conjuration/Hexes            3
Comestibles
 f - 9 rations


   Skills:
 - Level 2.0 Fighting
 + Level 8.6 Staves
 - Level 1.7 Throwing
 - Level 2.6 Dodging


You had 6 spell levels left.
You didn't know any spells.

Dungeon Overview and Level Annotations

Branches:
Dungeon (6/15)             Temple (1/1) D:4

Altars:
Ashenzari
Cheibriados
Dithmenos
Elyvilon
Fedhas
Gozag
Hepliaklqana
Kikubaaqudgha
Makhleb
Nemelex Xobeh
Okawaru
Qazlal
Ru
Sif Muna
Trog
Uskayaw
Vehumet
Wu Jian
Xom
Yredelemnul
Zin

Shops:
D:4 %   D:5 }


Innate Abilities, Weirdness & Mutations

You have a pair of small antennae on your head.
You are partially covered in thin metallic scales. (AC +2)
Your flesh is cold resistant. (rC+)
You regenerate a little health from kills.
Your life essence is reduced to manifest your ancestor. (-10% HP)


Message History

You closely miss the orc warrior.
The orc warrior is almost dead.
The orc warrior hits you with a short sword.
* * * LOW HITPOINT WARNING * * *
You closely miss the orc warrior.
The orc warrior is almost dead.
You hit the orc warrior.
The orc warrior is almost dead.
The orc warrior barely misses you.
You barely miss the orc warrior.
The orc warrior is almost dead.
The orc warrior closely misses you.
You hit the orc warrior.
The orc warrior is almost dead.
The orc warrior hits you with a short sword!
* * * LOW HITPOINT WARNING * * *
You are confused.
You feel invigorated.
The orc warrior hits you with a short sword!
You die...

########### #..........
##.######..# #..........#
####### #..######.## #>....#
#..#.(.....#
#.###.###########..#.####..#
#.#.......o@.........####..#
#.........#######..##.......
######.....###.#
#..##.###... #........###
#.# #..........# #.####.###
#.# #..........# #.# ##.##
#.# #.....####.# #.# #...#
#.# #.###.# #.. #.###...###
#.# #.# #.# ### #.#.......#
#.## #.# #.# #..


You could see an orc warrior.

Vanquished Creatures
  The ghost of mahrgell the Ruffian, an amateur DrTm (D:3)
  A centaur (D:5)
  A scorpion (D:4)
  A hound (D:5)
  3 orc wizards
  2 worker ants
  A hound skeleton (D:4)
  A worker ant zombie (D:5)
  Robin (D:3)
  6 adders
  6 gnolls
  A shadow imp (D:3)
  2 oozes
  A worm (D:2)
  4 dart slugs
  5 leopard geckos
  8 orcs
  A ball python (D:3)
  8 bats
  6 giant cockroaches
  10 goblins
  7 hobgoblins
  10 jackals
  13 kobolds
  A quokka (D:6)
  17 frilled lizards
  A giant cockroach zombie (D:5)
  A jackal skeleton (D:2)
  9 rats
129 creatures vanquished.

Vanquished Creatures (collateral kills)
  An ogre (D:5)
  A hound (D:4)
  An orc priest (D:5)
  An orc wizard (D:4)
  A worker ant (D:4)
  A gnoll (D:4)
  A leopard gecko (D:4)
  An orc (D:5)
  A quokka (D:4)
9 creatures vanquished.

Vanquished Creatures (others)
  4 ancestors
  A goblin (D:3)
5 creatures vanquished.

Grand Total: 143 creatures vanquished

Notes
Turn   | Place    | Note
-------+----------+-------------------------------------------
     0 | D:1      | GuyWithAPlan the Demonspawn Gladiator began the quest for the Orb.
     0 | D:1      | Reached XP level 1. HP: 16/16 MP: 1/1
   150 | D:1      | Reached skill level 3 in Staves
   170 | D:1      | Gained mutation: You regenerate a little health from kills. [demonic ancestry]
   170 | D:1      | Reached XP level 2. HP: 10/22 MP: 2/2
   423 | D:1      | Reached XP level 3. HP: 18/27 MP: 3/3
   500 | D:1      | Reached skill level 4 in Staves
  1004 | D:2      | Gained mutation: Your flesh is cold resistant. (rC+) [demonic ancestry]
  1004 | D:2      | Reached XP level 4. HP: 33/33 MP: 4/4
  2023 | D:3      | Noticed mahrgell's ghost (amateur DrTm)
  2140 | D:3      | Reached skill level 5 in Staves
  2464 | D:2      | Reached XP level 5. HP: 5/38 MP: 5/5
  3127 | D:3      | Noticed Robin
  3142 | D:3      | Killed Robin
  3861 | D:4      | Found a staircase to the Ecumenical Temple.
  3886 | Temple   | Entered the Ecumenical Temple
  3953 | Temple   | Became a worshipper of Hepliaklqana the Forgotten
  4219 | D:4      | Reached skill level 6 in Staves
  4336 | D:4      | Gained mutation: You have a pair of small antennae on your head. [demonic ancestry]
  4336 | D:4      | Reached XP level 6. HP: 39/39 MP: 6/6
  4814 | D:3      | Killed mahrgell's ghost
  4814 | D:3      | Reached skill level 7 in Staves
  5166 | D:4      | Found Mehiucsa's Food Shoppe.
  5455 | D:5      | Entered Level 5 of the Dungeon
  5455 | D:5      | Found Fuqaej's Gadget Emporium.
  5465 | D:5      | Gained mutation: You are partially covered in thin metallic scales. (AC +2) [demonic ancestry]
  5465 | D:5      | Reached XP level 7. HP: 42/45 MP: 7/7
  5733 | D:5      | Reached * piety under Hepliaklqana
  6011 | D:5      | Reached skill level 8 in Staves
  6662 | D:5      | HP: 2/45 [orc warrior/short sword (8)]
  6670 | D:5      | Slain by an orc warrior

Skill      XL: |  1  2  3  4  5  6  7 |
---------------+----------------------+-----
Staves         | 3 4 5 6 7 8 |  8.6
Fighting       | |  2.0
Throwing       | |  1.7
Dodging        | |  2.6

Action                   |  1- 3 |  4- 6 |  7- 9 || total
-------------------------+-------+-------+-------++-------
Melee: Quarterstaff      |   160 |   272 |    92 ||   524
Throw: Stone             |       |     8 |     5 ||    13
Invok: Recall Ancestor   |       |     1 |       ||     1
       Ancestor Identity |       |     1 |       ||     1
  Use: Scroll            |       |       |     4 ||     4
       Potion            |       |       |     1 ||     1
 Stab: Sleeping          |     2 |       |       ||     2
       Distracted        |       |       |     1 ||     1
  Eat: Chunk             |       |    10 |     4 ||    14
       Ration            |       |     1 |       ||     1
Armor: Leather armour    |    64 |     5 |       ||    69
       Ring mail         |       |    55 |    15 ||    70
Dodge: Dodged            |   134 |   184 |    47 ||   365
Block: Other             |       |    25 |     6 ||    31
       Reflection        |       |     1 |       ||     1
